 Dungeon Crawl Stone Soup version 0.30-a0-457-g4b7bca3bfa (webtiles) character file.

Game seed: 12795176647444162720

34600 arthad the Carver (level 13, -5/100 HPs)
             Began as a Gnoll Fire Elementalist on Dec 13, 2022.
             Was the Champion of Jiyva.
             Killed from afar by an ironbound frostheart (40 damage)
             ... by creeping frost
             ... in an ice cave.
             The game lasted 00:51:41 (10667 turns).

arthad the Carver (Gnoll Fire Elementalist)        Turns: 10667, Time: 00:51:41

Health: -5/100     AC: 15    Str: 21    XL:     13   Next: 78%
Magic:  22/27      EV: 23    Int: 17    God:    Jiyva [******]
Gold:   531        SH:  0    Dex: 23    Spells: 12/32 levels left

rFire   . . .      SeeInvis +    L - +2 broad axe (vorpal)
rCold   . . .      Faith    .    (no shield)
rNeg    . . .      Spirit   .    M - +1 steam dragon scales
rPois   .          Reflect  .    R - +2 hat
rElec   .          Harm     .    J - +0 cloak
rCorr   +          Rampage  .    Q - +0 pair of gloves
Will    .....      Clarity  +    l - +1 pair of boots of the Heavens {rCorr Dex+3}
Stlth   +++++.....               (no amulet)
HPRegen 1.96/turn                c - +6 ring of strength
MPRegen 0.70/turn                q - +6 ring of strength

@: frozen, studying Long Blades, very slow
A: fangs 1, strong nose, distributed training, antennae 2, agile 2, clarity,
strong 1, eyeballs 3, gelatinous body 3, pseudopods 2, engulf
a: Renounce Religion, Oozemancy, Slimify


You were in an ice cave.
You worshipped Jiyva.
Jiyva was exalted by your worship.
You visited 1 branch of the dungeon, and saw 14 of its levels.
You also visited: Ossuary and Ice Cave.

You collected 648 gold pieces.
You spent 117 gold pieces at shops.

Inventory:

Hand Weapons
 r - a -1 demon whip of venom
 y - a +0 war axe
 D - a +1 falchion of electrocution
 G - a +2 flail of draining
 L - a +2 vorpal broad axe (weapon)
 U - the +2 dagger "Eghunwud" {elec, rElec Int+2}
   (You found it on level 11 of the Dungeon)

   It occasionally discharges a powerful burst of electricity upon striking a
   foe.
   Int:       It affects your intelligence (+2).
   rElec:     It insulates you from electricity.
 V - a +0 battleaxe
Missiles
 o - 39 poisoned darts
 P - a curare-tipped dart
Armour
 a - a +0 robe
 l - the +1 pair of boots of the Heavens (worn) {rCorr Dex+3}
   (You acquired it on level 7 of the Dungeon)

   Dex:       It affects your dexterity (+3).
   rCorr:     It protects you from acid and corrosion.
 z - a +1 scale mail of fire resistance
 J - a +0 cloak (worn)
 M - +1 steam dragon scales (worn)
 Q - a +0 pair of gloves (worn)
 R - a +2 hat (worn)
 T - +0 acid dragon scales
Jewellery
 c - a +6 ring of strength (left hand)
 q - a +6 ring of strength (right hand)
 B - a +6 ring of dexterity
Wands
 b - a wand of light (1)
 k - a wand of charming (7)
 t - a wand of polymorph (18)
 v - a wand of flame (25)
 w - a wand of digging (5)
 K - a wand of roots (13)
Scrolls
 e - 4 scrolls of identify
 g - 3 scrolls of blinking
 h - 7 scrolls of teleportation
 p - a scroll of poison
 x - 2 scrolls of brand weapon
 A - 2 scrolls of amnesia
 C - a scroll of enchant weapon
 E - a scroll of vulnerability
 F - a scroll of enchant armour
 H - 3 scrolls of fog
 N - 3 scrolls of fear
 S - a scroll of immolation
Potions
 d - a potion of brilliance
 f - 6 potions of curing
 i - 4 potions of attraction
 j - 3 potions of ambrosia
 m - 4 potions of haste
 n - 5 potions of lignification
 s - a potion of invisibility
 u - a potion of flight
 I - 4 potions of might
 O - 2 potions of magic


   Skills:
 + Level 8.9 Fighting
 + Level 8.9 Short Blades
 + Level 11.0 Long Blades
 + Level 8.9 Axes
 + Level 8.9 Maces & Flails
 + Level 8.9 Polearms
 + Level 8.9 Staves
 + Level 8.9 Ranged Weapons
 + Level 8.9 Throwing
 + Level 8.9 Armour
 + Level 10.1 Dodging
 + Level 9.9 Stealth
 + Level 8.9 Shields
 + Level 8.9 Unarmed Combat
 + Level 10.2 Spellcasting
 + Level 7.8 Conjurations
 + Level 7.4 Hexes
 + Level 7.4 Summonings
 + Level 7.4 Necromancy
 + Level 7.4 Translocations
 + Level 7.4 Transmutations
 + Level 9.3 Fire Magic
 + Level 7.4 Ice Magic
 + Level 7.4 Air Magic
 + Level 7.4 Earth Magic
 + Level 7.4 Poison Magic
 + Level 9.7 Invocations
 + Level 8.9 Evocations


You had 12 spell levels left.
You knew the following spells:

 Your Spells              Type           Power      Damage    Failure   Level
a - Foxfire               Conj/Fire      100%       2x1d9     1%          1
b - Scorch                Fire           80%        2d9       1%          2
c - Inner Flame           Hex/Fire       37%        N/A       1%          3
d - Kindle Blastsparks    Fire/Tloc/Air  72%        2d16      1%          3
e - Poisonous Vapours     Pois/Air       68%        N/A       1%          2
f - Mephitic Cloud        Conj/Pois/Air  34%        N/A       1%          3
g - Blink                 Tloc           68%        N/A       1%          2
h - Flame Wave            Conj/Fire      37%        2d10      2%          4

Your spell library contained the following spells:

 Spells                   Type           Power      Damage    Failure   Level
 Magic Dart               Conj           100%       1d8       1%          1
 Necrotise                Necr           100%       1d9       1%          1
 Cigotuvi's Dreadful Rot  Necr/Pois/Air  68%        N/A       1%          2
 Momentum Strike          Conj/Tloc      68%        3d9       1%          2
 Searing Ray              Conj           70%        2d7       1%          2
 Sublimation of Blood     Necr           34%        N/A       1%          2
 Ignite Poison            Fire/Tmut/Pois 36%        N/A       1%          3
 Lesser Beckoning         Tloc           68%        N/A       1%          3
 Vampiric Draining        Necr           34%        2d8       1%          3
 Fulminant Prism          Conj/Hex       17%        3d11      3%          4
 Petrify                  Tmut/Erth      34%        N/A       3%          4
 Irradiate                Conj/Tmut      17%        3d17      10%         5
 Agony                    Necr           34%        N/A       11%         5
 Freezing Cloud           Conj/Ice/Air   17%        6-21      11%         5


Dungeon Overview and Level Annotations

Branches:
Dungeon (14/15)            Temple (0/1) D:5            Lair (0/5) D:9
    Orc (0/2) D:11        Ossuary (visited)           IceCv (1/1)
 Vaults: D:13-14

Altars:
Cheibriados
Okawaru
Ru
Sif Muna
Trog
Vehumet
Xom
Yredelemnul
Zin
Jiyva

Shops:
D:5 ?   D:6 !   D:9 [


Innate Abilities, Weirdness & Mutations

You have very sharp teeth.
Your uncanny sense of smell can sniff out nearby items.
Your experience applies equally to all skills.
You have a pair of antennae on your head.
You are very agile. (Dex +8, Str/Int -2)
You possess an exceptional clarity of mind.
Your muscles are strong. (Str +4, Int/Dex -1)
Your body is covered in eyes which may confuse attackers. (Acc +7, SInv)
Your gelatinous body deflects attacks. (AC +3, EV +3)
Armour fits poorly on your large pseudopods.
Your melee attacks may engulf your foes in ooze.


Message History

The blast of cold hits the rime drake!!
The rime drake resists.
The blast of cold hits the ironbound frostheart!
The ironbound frostheart resists.
The ice dragon barely misses your ice dragon.
The ice dragon claws your ice dragon but does no damage.
The ice dragon tramples your ice dragon.
Your ice dragon holds its ground!
Your rockslime hits the ice dragon!!!
The ice dragon holds its ground!
The rime drake bites the ice dragon.
The rime drake bites itself but does no damage.
You hear a distant slurping noise.
Unknown command.
Unknown command.
Unknown command.
Okay, then.
Unknown command.
You barely miss the white ugly thing. You bludgeon the white ugly thing.
The white ugly thing is moderately wounded.
The white ugly thing completely misses you.
The white ugly thing trunk-slaps itself but does no damage.
Your rockslime hits the ice dragon!!!
The ice dragon holds its ground!
The ice dragon dies!
The ice dragon scales are intact enough to wear.
Your Long Blades skill increases to level 11!
Unknown command.
Unknown command.
Unknown command.
Unknown command.
You slice the white ugly thing!!
You engulf the white ugly thing in ooze!
The white ugly thing is severely wounded.
The white ugly thing is asphyxiated!
Your rockslime hits the white ugly thing.
The white ugly thing holds its ground!
The rime drake bites your ice dragon!
Your ice dragon bites the ironbound frostheart.
Your ice dragon claws the ironbound frostheart but does no damage.
Your ice dragon tramples the ironbound frostheart.
The ironbound frostheart holds its ground!
The ironbound frostheart calls freezing cold from the walls.
The frost grips you!!!
You die...

k....
.... ...
..# ##kp
##JD
#..##
#u@.##
##J..##
##...#
##...#
#†..##
##...##
##.....##
#...∩...#
#.......#


You could see a white ugly thing (confused, asphyxiating, ally target), an
ironbound frostheart (ally target), 2 rime drakes, a friendly ice dragon
(charmed) and 2 friendly rockslimes.

Vanquished Creatures
  A rakshasa (D:11)
  An ogre mage (D:11)
  3 centaur warriors
  2 boulder beetles (D:11)
  A hydra (D:8)
  Erica (D:11)
  6 two-headed ogres
  Amaemon (D:8)
  4 skeletal warriors (D:12)
  An orc knight (D:11)
  4 ugly things
  A manticore (D:11)
  Maurice (D:8)
  3 cyclopes (D:11)
  An orange demon (D:8)
  2 komodo dragons (D:11)
  4 polar bears (IceCv)
  Prince Ribbit (D:8)
  7 trolls
  A hornet (D:11)
  Grinder (D:3)
  3 shadows
  6 wraiths
  37 yaks
  A basilisk (D:11)
  2 vampires
  5 wyverns
  2 vampire mosquitoes (D:10)
  A steam dragon (D:8)
  4 acid dragons
  9 orc warriors
  A black bear (D:7)
  4 ice beasts
  4 ogres
  5 centaurs
  A phantom (D:7)
  4 kobold brigands
  2 necrophages
  3 bullfrogs
  3 scorpions
  3 wights (D:9)
  7 killer bees
  A gnoll bouda (D:7)
  2 hounds
  9 orc priests
  Jessica (D:2)
  Ijyb (D:3)
  6 iguanas
  Natasha (twice) (D:3)
  9 orc wizards
  Robin (D:2)
  6 gnolls
  6 adders
  2 white imps
  2 worms
  A dart slug (D:2)
  40 orcs
  An endoplasm (D:2)
  3 giant cockroaches
  15 goblins
  6 hobgoblins
  6 quokkas
  8 ball pythons
  A bat (D:3)
  6 frilled lizards
  A goblin zombie (Ossuary)
  2 hobgoblin zombies (Ossuary)
  25 kobolds
  2 kobold zombies (Ossuary)
  5 rats
324 creatures vanquished.

Vanquished Creatures (collateral kills)
  Erolcha (D:11)
  An ice dragon (IceCv)
  A two-headed ogre (D:10)
  A centaur warrior (D:13)
  An efreet (D:13)
  A wraith (D:10)
  3 centaurs (D:13)
  An orc wizard (D:11)
  3 orcs
  A foxfire (D:8)
14 creatures vanquished.

Vanquished Creatures (others)
  A shadow (D:12)
  A wyvern (D:7)
  A necrophage (D:5)
  A bullfrog (D:6)
  A scorpion (D:7)
  15 jellies
  A hound (D:6)
  2 iguanas
  An orc wizard (D:5)
  3 mummies (Ossuary)
  3 adders
  5 orcs
  A ball python (D:4)
  An endoplasm (D:4)
  A kobold (D:4)
  A quokka (D:3)
  A goblin (D:4)
  674 foxfires
  2 fungi (D:9)
  3 plants (D:9)
719 creatures vanquished.

Grand Total: 1057 creatures vanquished

Notes
Turn   | Place    | Note
-------+----------+-------------------------------------------
     0 | D:1      | arthad the Gnoll Fire Elementalist began the quest for the
                  | Orb.
     0 | D:1      | Reached XP level 1. HP: 13/13 MP: 6/6
   190 | D:1      | Reached XP level 2. HP: 19/19 MP: 2/7
   749 | D:2      | Reached skill level 5 in Spellcasting
   749 | D:2      | Reached XP level 3. HP: 20/25 MP: 5/9
   985 | D:2      | Reached skill level 1 in Invocations
  1035 | D:2      | Noticed Robin
  1040 | D:2      | Reached skill level 1 in Fighting
  1040 | D:2      | Reached skill level 1 in Short Blades
  1040 | D:2      | Reached skill level 1 in Long Blades
  1040 | D:2      | Reached skill level 1 in Axes
  1040 | D:2      | Reached skill level 1 in Maces & Flails
  1040 | D:2      | Reached skill level 1 in Polearms
  1040 | D:2      | Reached skill level 1 in Staves
  1040 | D:2      | Reached skill level 1 in Ranged Weapons
  1040 | D:2      | Reached skill level 1 in Throwing
  1040 | D:2      | Reached skill level 1 in Armour
  1040 | D:2      | Reached skill level 1 in Shields
  1040 | D:2      | Reached skill level 1 in Unarmed Combat
  1040 | D:2      | Reached skill level 1 in Evocations
  1046 | D:2      | Killed Robin
  1047 | D:2      | Reached XP level 4. HP: 30/32 MP: 0/11
  1588 | D:2      | Noticed Jessica
  1595 | D:2      | Killed Jessica
  1596 | D:2      | Reached skill level 1 in Hexes
  1596 | D:2      | Reached skill level 1 in Summonings
  1596 | D:2      | Reached skill level 1 in Necromancy
  1596 | D:2      | Reached skill level 1 in Translocations
  1596 | D:2      | Reached skill level 1 in Transmutations
  1596 | D:2      | Reached skill level 1 in Ice Magic
  1596 | D:2      | Reached skill level 1 in Air Magic
  1596 | D:2      | Reached skill level 1 in Earth Magic
  1596 | D:2      | Reached skill level 1 in Poison Magic
  1800 | D:3      | Found a shimmering altar of Xom.
  1808 | D:3      | Found a sacrificial altar of Ru.
  1811 | D:3      | Found a glowing silver altar of Zin.
  1811 | D:3      | Found a basalt altar of Yredelemnul.
  1818 | D:3      | Found a shimmering blue altar of Sif Muna.
  2077 | D:3      | Noticed Ijyb
  2084 | D:3      | Reached XP level 5. HP: 37/37 MP: 5/12
  2103 | D:3      | Killed Ijyb
  2247 | D:3      | Found a faded altar of an unknown god.
  2247 | D:3      | Noticed Grinder
  2263 | D:3      | Killed Grinder
  2264 | D:3      | Reached skill level 2 in Long Blades
  2264 | D:3      | Reached skill level 5 in Dodging
  2264 | D:3      | Reached XP level 6. HP: 41/44 MP: 3/14
  2269 | D:3      | Prayed at the altar of an unknown god.
  2269 | D:3      | Became a worshipper of Jiyva Jafrue the Shapeless
  2269 | D:3      | Reached * piety under Jiyva
  2271 | D:3      | Noticed Natasha
  2273 | D:3      | Natasha changed into Natasha the gnoll
  2273 | D:3      | Noticed Natasha
  2280 | D:3      | Killed Natasha the gnoll
  2397 | D:3      | Noticed Natasha
  2405 | D:3      | Killed Natasha
  2416 | D:3      | Noticed Natasha
  2421 | D:3      | Killed Natasha
  2681 | D:4      | Reached XP level 7. HP: 50/50 MP: 10/15
  2755 | D:4      | Reached ** piety under Jiyva
  2827 | D:4      | Learned a level 2 spell: Scorch
  2831 | D:4      | Learned a level 3 spell: Inner Flame
  2835 | D:4      | Learned a level 3 spell: Kindle Blastsparks
  2838 | D:4      | Learned a level 2 spell: Poisonous Vapours
  2842 | D:4      | Learned a level 3 spell: Mephitic Cloud
  2951 | D:4      | Reached skill level 5 in Stealth
  3585 | D:5      | Entered Level 5 of the Dungeon
  3644 | D:5      | Found a sand-covered staircase.
  3644 | D:5      | Reached *** piety under Jiyva
  3651 | Ossuary  | Entered an ossuary
  3651 | Ossuary  | Noticed a wraith
  3651 | Ossuary  | Noticed a wraith
  3651 | Ossuary  | Noticed a wraith
  3651 | Ossuary  | Gained mutation: Your rubbery body absorbs attacks. (AC +1,
                  | EV +1) [Jiyva's grace]
  3651 | Ossuary  | Gained mutation: Your pliable body absorbs attacks. (AC +2,
                  | EV +2) [Jiyva's grace]
  3651 | Ossuary  | Gained mutation: Your gelatinous body deflects attacks. (AC
                  | +3, EV +3) [Jiyva's grace]
  3651 | Ossuary  | Gained mutation: You have a pair of small antennae on your
                  | head. [Jiyva's grace]
  3746 | Ossuary  | Noticed a wraith
  3756 | Ossuary  | Killed a wraith
  3757 | Ossuary  | Reached skill level 3 in Long Blades
  3757 | Ossuary  | Reached XP level 8. HP: 57/58 MP: 6/16
  4006 | D:5      | Found Kuodulla's Magic Scroll Shop.
  4021 | D:5      | Bought a scroll of teleportation for 39 gold pieces
  4021 | D:5      | Bought a scroll of identify for 26 gold pieces
  4293 | D:5      | Reached **** piety under Jiyva
  4582 | D:5      | Found a staircase to the Ecumenical Temple.
  5027 | D:6      | Reached XP level 9. HP: 65/65 MP: 15/18
  5030 | D:6      | Learned a level 2 spell: Blink
  5035 | D:6      | Learned a level 4 spell: Flame Wave
  5076 | D:6      | Found Esup's Distillery.
  5087 | D:6      | Bought a potion of might for 52 gold pieces
  5200 | D:6      | Reached skill level 4 in Long Blades
  5206 | D:6      | Found a radiant altar of Vehumet.
  5221 | D:6      | Gained mutation: You possess an exceptional clarity of
                  | mind. [Jiyva's grace]
  5221 | D:6      | Gained mutation: Armour fits poorly on your pseudopods.
                  | [Jiyva's grace]
  5221 | D:6      | Gained mutation: Armour fits poorly on your large
                  | pseudopods. [Jiyva's grace]
  5221 | D:6      | Gained mutation: Armour fits poorly on your massive
                  | pseudopods. [Jiyva's grace]
  5415 | D:6      | Reached ***** piety under Jiyva
  5871 | D:7      | Found a snail-covered altar of Cheibriados.
  5871 | D:7      | Found a bloodstained altar of Trog.
  5978 | D:7      | Found an iron altar of Okawaru.
  5984 | D:7      | Reached skill level 5 in Invocations
  6170 | D:8      | Noticed an eight-headed hydra
  6247 | D:8      | Noticed Maurice
  6255 | D:8      | Killed Maurice
  6291 | D:8      | Noticed a two-headed ogre
  6300 | D:8      | Killed a two-headed ogre
  6301 | D:8      | Reached skill level 5 in Fighting
  6301 | D:8      | Reached skill level 5 in Short Blades
  6301 | D:8      | Reached skill level 5 in Long Blades
  6301 | D:8      | Reached skill level 5 in Axes
  6301 | D:8      | Reached skill level 5 in Maces & Flails
  6301 | D:8      | Reached skill level 5 in Polearms
  6301 | D:8      | Reached skill level 5 in Staves
  6301 | D:8      | Reached skill level 5 in Ranged Weapons
  6301 | D:8      | Reached skill level 5 in Throwing
  6301 | D:8      | Reached skill level 5 in Armour
  6301 | D:8      | Reached skill level 5 in Shields
  6301 | D:8      | Reached skill level 5 in Unarmed Combat
  6301 | D:8      | Reached skill level 5 in Evocations
  6301 | D:8      | Reached XP level 10. HP: 74/74 MP: 15/20
  6313 | D:8      | Noticed an orange demon
  6320 | D:8      | Killed an orange demon
  6343 | D:8      | Reached skill level 5 in Conjurations
  6352 | D:8      | Noticed Maggie
  6353 | D:8      | Maggie changed into Maggie the ice beast
  6353 | D:8      | Noticed Maggie
  6358 | D:8      | Killed Maggie the ice beast
  6371 | D:8      | Noticed Amaemon
  6391 | D:7      | Identified a scroll of acquirement
  6392 | D:7      | Acquired the +1 pair of boots of the Heavens {rCorr Dex+3}
  6521 | D:8      | Killed Amaemon
  6572 | D:8      | Reached skill level 6 in Long Blades
  6579 | D:8      | Reached skill level 5 in Hexes
  6579 | D:8      | Reached skill level 5 in Summonings
  6579 | D:8      | Reached skill level 5 in Necromancy
  6579 | D:8      | Reached skill level 5 in Translocations
  6579 | D:8      | Reached skill level 5 in Transmutations
  6579 | D:8      | Reached skill level 5 in Ice Magic
  6579 | D:8      | Reached skill level 5 in Air Magic
  6579 | D:8      | Reached skill level 5 in Earth Magic
  6579 | D:8      | Reached skill level 5 in Poison Magic
  6579 | D:8      | Reached XP level 11. HP: 78/81 MP: 17/22
  6665 | D:8      | Noticed Prince Ribbit
  6778 | D:8      | Killed Prince Ribbit
  6837 | D:8      | Killed an eight-headed hydra
  7233 | D:9      | Found a staircase to the Lair.
  7275 | D:9      | Lost mutation: Armour fits poorly on your massive
                  | pseudopods. [Jiyva's grace]
  7275 | D:9      | Gained mutation: You are agile. (Dex +4, Str/Int -1)
                  | [Jiyva's grace]
  7275 | D:9      | Gained mutation: You are very agile. (Dex +8, Str/Int -2)
                  | [Jiyva's grace]
  7275 | D:9      | Gained mutation: Your muscles are strong. (Str +4, Int/Dex
                  | -1) [Jiyva's grace]
  7275 | D:9      | Gained mutation: Your muscles are very strong. (Str +8,
                  | Int/Dex -2) [Jiyva's grace]
  7303 | D:9      | Found Ewempoid's Armour Emporium.
  7382 | D:9      | Reached skill level 7 in Long Blades
  7744 | D:10     | Entered Level 10 of the Dungeon
  7867 | D:10     | Reached ****** piety under Jiyva
  7901 | D:10     | Noticed a two-headed ogre
  7908 | D:10     | Killed a two-headed ogre
  8019 | D:10     | Noticed a two-headed ogre
  8027 | D:10     | Killed a two-headed ogre
  8142 | D:10     | Reached skill level 8 in Long Blades
  8142 | D:10     | Reached XP level 12. HP: 70/91 MP: 24/24
  8505 | D:11     | Noticed a boulder beetle
  8548 | D:11     | Killed a boulder beetle
  8593 | D:11     | Found a staircase to the Orcish Mines.
  8758 | D:11     | Noticed Erica
  8773 | D:11     | Killed Erica
  8774 | D:11     | Reached skill level 9 in Long Blades
  8786 | D:11     | Noticed Erolcha
  8796 | D:11     | Killed Erolcha
  9046 | D:11     | Lost mutation: Your muscles are very strong. (Str +8,
                  | Int/Dex -2) [Jiyva's grace]
  9046 | D:11     | Lost mutation: Your gelatinous body deflects attacks. (AC
                  | +3, EV +3) [Jiyva's grace]
  9046 | D:11     | Gained mutation: Your body has grown eyes which may confuse
                  | attackers. (Acc +3) [Jiyva's grace]
  9046 | D:11     | Gained mutation: Your body has grown many eyes which may
                  | confuse attackers. (Acc +5) [Jiyva's grace]
  9046 | D:11     | Gained mutation: Your body is covered in eyes which may
                  | confuse attackers. (Acc +7, SInv) [Jiyva's grace]
  9046 | D:11     | Gained mutation: Your melee attacks may engulf your foes in
                  | ooze. [Jiyva's grace]
  9121 | D:11     | Noticed a centaur warrior
  9138 | D:11     | Killed a centaur warrior
  9231 | D:11     | Noticed a boulder beetle
  9235 | D:11     | Noticed a two-headed ogre
  9247 | D:11     | Killed a two-headed ogre
  9261 | D:11     | Identified the +2 dagger "Eghunwud" {elec, rElec Int+2}
  9270 | D:11     | Reached XP level 13. HP: 57/98 MP: 26/26
  9316 | D:11     | Noticed a rakshasa
  9324 | D:11     | Killed a rakshasa
  9325 | D:11     | Reached skill level 10 in Long Blades
  9705 | D:12     | Reached skill level 10 in Spellcasting
 10287 | D:13     | Lost mutation: You are very agile. (Dex +8, Str/Int -2)
                  | [Jiyva's grace]
 10287 | D:13     | Lost mutation: Your pliable body absorbs attacks. (AC +2,
                  | EV +2) [Jiyva's grace]
 10287 | D:13     | Gained mutation: Your pliable body absorbs attacks. (AC +2,
                  | EV +2) [Jiyva's grace]
 10287 | D:13     | Gained mutation: Your gelatinous body deflects attacks. (AC
                  | +3, EV +3) [Jiyva's grace]
 10287 | D:13     | Gained mutation: You are very agile. (Dex +8, Str/Int -2)
                  | [Jiyva's grace]
 10287 | D:13     | Gained mutation: You have a pair of antennae on your head.
                  | [Jiyva's grace]
 10498 | D:13     | Reached skill level 10 in Dodging
 10623 | D:14     | Found a frozen archway.
 10627 | IceCv    | Entered an ice cave
 10654 | IceCv    | Noticed an ice dragon
 10656 | IceCv    | Noticed an ice dragon
 10666 | IceCv    | Killed an ice dragon
 10667 | IceCv    | Reached skill level 11 in Long Blades
 10667 | IceCv    | Killed from afar by an ironbound frostheart

Illustrated notes

Levels and vault maps discovered:
D:1:      dpeg_arrival_refuge, layout_basic
D:2:      layout_basic, small_statue_intersection, uniq_robin, uniq_jessica
D:3:      layout_loops_cross, nicolae_overflow_hallway_of_the_gods,
          basic_ecumenical_altar, grunt_ministairs_15, minmay_misc_feat_cross,
          minmay_misc_feat_diagonals, uniq_natasha, uniq_grinder, uniq_ijyb
D:4:      layout_basic
D:5:      layout_loops_corners, temple_green, enter_ossuary_2, serial_shops,
          shop, minmay_misc_feat_tower, grunt_tough_drop
D:6:      minmay_recursive_quarters, layout_loops_cross,
          nicolae_vehumet_radiance, serial_shops, shop, minmay_misc_feat_roman
D:7:      layout_basic, okawaru_metal_pillars_1_2,
          nicolae_overflow_two_pavilions, hangedman_decor_clover_reticule
D:8:      minmay_spotlight, layout_rooms, minmay_manual_moon, uniq_amaemon,
          uniq_maurice, uniq_maggie, uniq_prince_ribbit1
D:9:      layout_cave_pods, dpeg_oklobed_lair, serial_shops, shop
D:10:     kennysheep_ambush_hall, layout_small_grid
D:11:     kennysheep_windowed_halls, layout_small_grid, orc_david_3,
          uniq_erolcha, uniq_erica
D:12:     layout_rooms
D:13:     layout_roguey
D:14:     layout_stronghold, david_vaults_4, portal_ice_cave_entry_pillars_four,
          minmay_misc_feat_alley, gammafunk_ghost_hydra_chop, drop_trap,
          palyth_stone_intersect, fountainhead
IceCv:    ice_cave_small_giant

Skill      XL: |  1  2  3  4  5  6  7  8  9 10 11 12 13 |
---------------+----------------------------------------+-----
Conjurations   | 2 3 4 5 6 7 |  7.8
Spellcasting   | 5 6 7 8 9 10 | 10.2
Invocations    | 1 2 3 4 5 6 7 8 9 |  9.7
Fighting       | 1 2 3 5 6 7 8 |  8.9
Short Blades   | 1 2 3 5 6 7 8 |  8.9
Long Blades    | 1 2 3 5 6 8 9 11 | 11.0
Axes           | 1 2 3 5 6 7 8 |  8.9
Maces & Flails | 1 2 3 5 6 7 8 |  8.9
Polearms       | 1 2 3 5 6 7 8 |  8.9
Staves         | 1 2 3 5 6 7 8 |  8.9
Ranged Weapons | 1 2 3 5 6 7 8 |  8.9
Throwing       | 1 2 3 5 6 7 8 |  8.9
Armour         | 1 2 3 5 6 7 8 |  8.9
Shields        | 1 2 3 5 6 7 8 |  8.9
Unarmed Combat | 1 2 3 5 6 7 8 |  8.9
Evocations     | 1 2 3 5 6 7 8 |  8.9
Hexes          | 1 2 3 4 5 6 7 |  7.4
Summonings     | 1 2 3 4 5 6 7 |  7.4
Necromancy     | 1 2 3 4 5 6 7 |  7.4
Translocations | 1 2 3 4 5 6 7 |  7.4
Transmutations | 1 2 3 4 5 6 7 |  7.4
Ice Magic      | 1 2 3 4 5 6 7 |  7.4
Air Magic      | 1 2 3 4 5 6 7 |  7.4
Earth Magic    | 1 2 3 4 5 6 7 |  7.4
Poison Magic   | 1 2 3 4 5 6 7 |  7.4
Dodging        | 5 6 7 8 9 10 | 10.1
Stealth        | 5 6 7 8 9 |  9.9
Fire Magic     | 6 7 8 9 |  9.3

Action                   |  1- 3 |  4- 6 |  7- 9 | 10-12 | 13-15 || total
-------------------------+-------+-------+-------+-------+-------++-------
Melee: Unarmed           |     6 |    19 |    19 |       |       ||    44
       Bite              |     1 |     3 |     1 |    41 |    19 ||    65
       Punch             |     1 |       |     2 |    18 |    13 ||    34
       Pseudopods        |       |       |     3 |    81 |    43 ||   127
       Broad axe         |       |       |       |   254 |   120 ||   374
 Cast: Foxfire           |    42 |    85 |   186 |    52 |    22 ||   387
       Scorch            |       |       |    50 |    15 |     3 ||    68
       Poisonous Vapours |       |       |     8 |     7 |     6 ||    21
       Flame Wave        |       |       |     3 |     6 |       ||     9
       Mephitic Cloud    |       |       |       |     8 |     2 ||    10
       Kindle Blastspark |       |       |       |     3 |     2 ||     5
       Blink             |       |       |       |       |     1 ||     1
Invok: Oozemancy         |       |       |       |       |     1 ||     1
Evoke: Wand              |       |     1 |       |     4 |     4 ||     9
  Use: Potion            |       |     3 |       |       |     1 ||     4
       Scroll            |       |       |     2 |     6 |    15 ||    23
 Stab: Sleeping          |       |     1 |     1 |     6 |    11 ||    19
       Distracted        |       |       |       |     2 |     1 ||     3
       Confused          |       |       |       |    10 |    16 ||    26
Armor: Robe              |       |     3 |     7 |     1 |       ||    11
       Steam dragon scal |       |       |       |    86 |    29 ||   115
Dodge: Dodged            |    12 |    26 |    69 |   403 |   126 ||   636

Table legend: (Time is in decaauts)
 A = Elapsed time spent in this place.
 B = Non-inter-level travel time spent in this place.
 C = Inter-level travel time spent in this place.
 D = Time resting spent in this place.
 E = Time spent auto-exploring this place.
 F = Levels seen in this place.
 G = Mean time per level.
                   A        B        C        D        E       F      G
               +--------+--------+--------+--------+--------+-----+--------+
         Total |  10757 |  10362 |    395 |    157 |   7719 |  16 |  672.3 |
       Dungeon |  10378 |   9983 |    395 |    144 |   7481 |  14 |  741.3 |
       Ossuary |    337 |    337 |      0 |     13 |    238 |   1 |  337.0 |
      Ice Cave |     41 |     41 |      0 |      0 |      0 |   1 |   41.0 |
               +--------+--------+--------+--------+--------+-----+--------+

Top non-repeatable levels by time:
    D:11: 1044 daAuts
     D:2: 1034 daAuts
     D:5: 1025 daAuts
     D:4: 922 daAuts
     D:3: 913 daAuts
     D:9: 827 daAuts
    D:10: 780 daAuts
     D:6: 720 daAuts
     D:1: 712 daAuts
    D:13: 648 daAuts
     D:8: 644 daAuts
     D:7: 629 daAuts
    D:12: 411 daAuts
 Ossuary: 337 daAuts
    D:14: 63 daAuts
